 Dungeon Crawl Stone Soup version 0.23-a0-143-g1adec7b (webtiles) character file.

17535 grindst0ne the Prestidigitator (level 12, 0/97 HPs)
             Began as a Human Artificer on Sept 5, 2018.
             Was the Champion of Okawaru.
             Slain by a black mamba (14 damage)
             ... on level 1 of the Lair of Beasts.
             The game lasted 00:35:27 (16265 turns).

grindst0ne the Prestidigitator (Human Artificer)   Turns: 16265, Time: 00:35:28

Health: 0/97       AC: 13    Str: 13    XL:     12   Next: 83%
Magic:  19/19      EV: 14    Int: 15    God:    Okawaru [******]
Gold:   1046       SH:  0    Dex: 15    Spells: 10/17 levels left

rFire    + . .     SeeInvis .   N - +2 dagger (venom)
rCold    . . .     Gourm    .   (no shield)
rNeg     . . .     Faith    .   B - +0 scale mail
rPois    .         Spirit   .   i - +1 helmet
rElec    .         Reflect  .   w - scarf {cloud immunity}
rCorr    .         Harm     .   (no gloves)
MR       .....                  p - +1 pair of boots
Stlth    ..........             P - amulet of regeneration
HPRegen  0.66/turn              a - ring of protection from fire
MPRegen  0.16/turn              I - +2 ring of protection

@: lethally poisoned (0 -> -18)
A: no striking features
a: Heroism, Finesse, Renounce Religion


You were on level 1 of the Lair of Beasts.
You worshipped Okawaru.
Okawaru was exalted by your worship.
You were not hungry.

You visited 2 branches of the dungeon, and saw 14 of its levels.
You also visited: Ossuary.

You collected 1046 gold pieces.

Inventory:

Hand Weapons
 M - a +3 dire flail
 N - a +2 dagger of venom (weapon)
Missiles
 G - 2 poisoned javelins (quivered)
 Q - 6 javelins
 S - 3 javelins of returning
 V - 13 tomahawks
Armour
 g - a +0 chain mail
 i - a +1 helmet (worn)
 p - a +1 pair of boots (worn)
 w - a scarf of cloud immunity (worn)
 B - a +0 scale mail (worn)
 T - a +0 plate armour
Magical Staves
 U - an uncursed staff of cold
Jewellery
 a - a ring of protection from fire (left hand)
 c - an uncursed ring of wizardry
 h - an uncursed ring of magical power
 D - an uncursed amulet of magic regeneration
 I - a +2 ring of protection (right hand)
 P - an amulet of regeneration (around neck)
Wands
 d - a wand of enslavement (6)
 e - a wand of random effects (28)
 j - a wand of paralysis (1)
 J - a wand of polymorph (40)
Scrolls
 k - 3 scrolls of amnesia
 l - 2 scrolls of noise {unknown}
 m - 5 scrolls of magic mapping
 q - a scroll of acquirement {unknown}
 r - 2 scrolls of enchant weapon {unknown}
 v - 7 scrolls of remove curse
 y - 2 scrolls of teleportation
 z - a scroll of immolation {unknown}
 E - 4 scrolls of enchant armour
 K - 2 scrolls of fog
 W - a scroll of blinking {unknown}
Potions
 b - a potion of lignification
 o - 6 potions of curing
 s - 4 potions of agility
 t - a potion of heal wounds
 u - a potion of mutation
 x - 2 potions of brilliance
 A - a potion of ambrosia {unknown}
 C - 3 potions of might
 F - a potion of haste
 H - 4 potions of invisibility
 O - 3 potions of cancellation
Comestibles
 f - 32 rations


   Skills:
 - Level 10.0 Fighting
 - Level 1.0 Short Blades
 * Level 6.1 Maces & Flails
 - Level 5.0 Armour
 + Level 9.1 Dodging
 - Level 1.0 Stealth
 - Level 3.2 Spellcasting
 - Level 4.0 Transmutations
 - Level 6.0 Earth Magic
 - Level 10.4 Evocations


You had 10 spell levels left.
You knew the following spells:

 Your Spells              Type           Power        Failure   Level  Hunger
a - Passwall              Tmut/Erth      ###.....     16%         2    ##.....
b - Lee's Rapid Deconstr  Erth           ###.......   88%         5    ######.

Your spell library contained the following spells:

 Spells                   Type           Power        Failure   Level  Hunger
 Sandblast                Erth           ###...       7%          1    #......
 Stone Arrow              Conj/Erth      ##....       56%         3    ###....
 Confusing Touch          Hex            #.....       63%         1    #......
 Petrify                  Tmut/Erth      ###.....     71%         4    #####..
 Confuse                  Hex            #.......     94%         3    ###....
 Gell's Gravitas          Tloc           #.........   94%         3    ###....
 Metabolic Englaciation   Hex/Ice        #.........   100%        5    ######.
 Yara's Violent Unravell  Hex/Tmut       #.........   100%        5    ######.


Dungeon Overview and Level Annotations

Branches:
Dungeon (13/15)            Temple (0/1) D:7            Lair (1/6) D:11
    Orc (0/2) D:9
 Vaults: D:13-14

Altars:
Kikubaaqudgha
Makhleb
Okawaru
Sif Muna
Uskayaw
Vehumet

Shops:
D:9 :

Portals:
Trove: D:11 (give +6 demon blade)

Annotations:
D:4 2 transporters, PegasusDuck's ghost, amateur HuFE


Message History

You hit the black mamba.
The black mamba is almost dead.
You feel sick. The black mamba misses you.
You feel sick.
The black mamba bites you but does no damage.
You feel sick. The black mamba bites you.
* * * LOW HITPOINT WARNING * * *
You are lethally poisoned!
The black mamba poisons you!
* * * LOW HITPOINT WARNING * * *
You feel very sick. The black mamba closely misses you.
* * * LOW HITPOINT WARNING * * *
You feel very sick.
You hit the black mamba but do no damage.
The black mamba is almost dead.
* * * LOW HITPOINT WARNING * * *
You feel very sick. The black mamba bites you!
You die...

####..##...# >.#
#..........#....#
#.###...##...# ...
# #...###.## .. #.
##...##..##... # ..
##..........
#..#.#####........#
#.........#..###..#
.#......S@.......
#..........P###...
##.##.?....## #
##.......?
######P## ##


You could see a black mamba.

Vanquished Creatures
  3 hydras
  A vault guard (D:11)
  2 two-headed ogres
  A cyclops (D:11)
  A black mamba (Lair:1)
  2 spiny frogs (Lair:1)
  Psyche (D:8)
  2 trolls (D:12)
  A hornet (D:13)
  3 hippogriffs
  A centaur simulacrum (D:11)
  A wyvern (D:10)
  4 yaks (D:11)
  A shadow (D:11)
  A wraith (D:9)
  4 hogs (D:7)
  A human (D:7)
  4 big kobolds (D:11)
  2 porcupines (D:11)
  A water moccasin (D:8)
  2 soldier ants
  An acid dragon (D:12)
  3 ice beasts
  3 sky beasts
  2 orc warriors
  2 phantoms
  A hornet zombie (D:12)
  7 ogres
  2 black bears
  4 wolves (Lair:1)
  6 centaurs
  4 crocodiles (D:11)
  10 bullfrogs
  2 wyvern zombies
  A wyvern skeleton (D:12)
  4 jellies
  4 scorpions
  19 killer bees
  A water moccasin skeleton (D:9)
  4 howler monkeys
  5 wights
  3 centaur zombies
  4 crimson imps
  9 hounds
  A quasit (D:9)
  3 orc priests
  A bullfrog skeleton (D:4)
  2 bullfrog zombies (D:5)
  2 centaur skeletons
  2 gnoll shamans
  6 human zombies (D:9)
  4 orc wizards
  3 iguanas
  7 worker ants
  A human skeleton (D:9)
  3 big kobold zombies (Ossuary)
  A hound zombie (D:5)
  A hound skeleton (D:10)
  A worker ant zombie (D:11)
  5 mummies
  13 gnolls
  2 howler monkey skeletons
  6 adders
  3 shadow imps
  An adder skeleton (D:9)
  A worm (D:2)
  3 dart slugs
  6 leopard geckos
  38 orcs
  2 ball pythons
  4 bats
  2 giant cockroaches
  6 goblins
  6 hobgoblins
  18 jackals
  11 kobolds
  4 quokkas
  3 frilled lizards
  6 gnoll zombies (Ossuary)
  3 hobgoblin zombies (Ossuary)
  2 orc zombies (Ossuary)
  A quokka skeleton (D:7)
  9 rats
333 creatures vanquished.

Vanquished Creatures (collateral kills)
  A kobold demonologist (D:11)
  A necrophage (D:9)
  A killer bee (D:11)
  A centaur zombie (D:9)
  A hound (D:11)
  A gnoll (D:6)
  A kobold (D:11)
7 creatures vanquished.

Vanquished Creatures (others)
  A queen bee (D:11)
  A gnoll (D:6)
  2 bushes (D:11)
  4 fungi (D:11)
  9 plants (D:11)
17 creatures vanquished.

Grand Total: 357 creatures vanquished

Notes
Turn   | Place    | Note
-------+----------+-------------------------------------------
     0 | D:1      | grindst0ne the Human Artificer began the quest for the Orb.
     0 | D:1      | Reached XP level 1. HP: 15/15 MP: 3/3
   125 | D:1      | Reached XP level 2. HP: 17/21 MP: 4/4
   581 | D:1      | Reached XP level 3. HP: 12/27 MP: 5/5
  1611 | D:2      | Reached XP level 4. HP: 28/34 MP: 6/6
  1698 | D:2      | Found a burning altar of Makhleb.
  2036 | D:3      | Found a deep blue altar of Sif Muna.
  2262 | D:3      | Found a radiant altar of Vehumet.
  2747 | D:4      | Reached XP level 5. HP: 30/41 MP: 8/8
  2750 | D:4      | Found a transporter.
  2753 | D:4      | Found a transporter.
  2753 | D:4      | Noticed PegasusDuck's ghost (amateur HuFE)
  2862 | D:4      | Reached XP level 6. HP: 17/48 MP: 9/9
  3177 | D:4      | Noticed a phantom
  3224 | D:4      | Killed a phantom
  3224 | D:4      | Reached skill level 5 in Evocations
  3689 | D:4      | Noticed an ogre
  3702 | D:4      | Killed an ogre
  3702 | D:4      | Reached XP level 7. HP: 45/55 MP: 11/11
  3917 | D:5      | Entered Level 5 of the Dungeon
  3930 | D:5      | Reached skill level 5 in Fighting
  4017 | D:5      | Found a sand-covered staircase.
  4026 | Ossuary  | Entered an ossuary
  5133 | D:5      | Reached XP level 8. HP: 8/64 MP: 11/13
  5953 | D:6      | Found a hide-covered altar of Uskayaw.
  6430 | D:6      | Found an iron altar of Okawaru.
  6440 | D:6      | Became a worshipper of Warmaster Okawaru
  6647 | D:6      | Reached XP level 9. HP: 50/72 MP: 13/15
  7181 | D:7      | Reached * piety under Okawaru
  7442 | D:7      | Found a staircase to the Ecumenical Temple.
  7597 | D:7      | Found an iron altar of Okawaru.
  7755 | D:7      | Reached ** piety under Okawaru
  7993 | D:7      | Reached XP level 10. HP: 74/83 MP: 17/17
  8239 | D:8      | Reached skill level 10 in Evocations
  8628 | D:8      | Reached skill level 10 in Fighting
  8896 | D:8      | Reached skill level 1 in Armour
  9608 | D:8      | Noticed Psyche
  9617 | D:8      | Killed Psyche
  9617 | D:8      | Reached *** piety under Okawaru
  9848 | D:9      | Noticed a two-headed ogre
  9852 | D:9      | Killed a two-headed ogre
  9926 | D:9      | Found Ichochi's Book Shoppe.
  9941 | D:9      | Learned a level 2 spell: Passwall
  9947 | D:9      | Learned a level 5 spell: Lee's Rapid Deconstruction
 10089 | D:9      | Reached **** piety under Okawaru
 10089 | D:9      | Reached skill level 5 in Dodging
 10089 | D:9      | Reached skill level 1 in Earth Magic
 10089 | D:9      | Reached XP level 11. HP: 57/90 MP: 18/18
 10355 | D:9      | Found a staircase to the Orcish Mines.
 11045 | D:9      | Reached skill level 5 in Armour
 11163 | D:9      | Found an ancient bone altar of Kikubaaqudgha.
 11536 | D:10     | Entered Level 10 of the Dungeon
 12696 | D:11     | Reached ***** piety under Okawaru
 13034 | D:11     | Found a staircase to the Lair.
 13077 | D:11     | Reached skill level 1 in Transmutations
 13079 | D:11     | Reached skill level 1 in Spellcasting
 13090 | D:11     | Noticed a five-headed hydra
 13110 | D:11     | Killed a five-headed hydra
 13110 | D:11     | Reached skill level 5 in Earth Magic
 13653 | D:11     | Received a gift from Okawaru
 13772 | D:11     | Noticed a cyclops
 13793 | D:11     | Killed a cyclops
 13793 | D:11     | Reached XP level 12. HP: 83/97 MP: 19/19
 14064 | D:11     | Found a portal to a secret trove of treasure.
 14077 | D:11     | Noticed a vault guard
 14094 | D:11     | Killed a vault guard
 14394 | D:12     | Reached skill level 1 in Maces & Flails
 14530 | D:12     | Received a gift from Okawaru
 14605 | D:12     | Noticed a seven-headed hydra
 14622 | D:12     | Killed a seven-headed hydra
 14622 | D:12     | Reached ****** piety under Okawaru
 14767 | D:12     | Noticed a two-headed ogre
 14777 | D:12     | Killed a two-headed ogre
 14810 | D:12     | Noticed a seven-headed hydra
 14820 | D:12     | Killed a seven-headed hydra
 14917 | D:12     | Reached skill level 5 in Maces & Flails
 15327 | D:13     | Paralysed by a hornet for 2 turns
 15386 | D:13     | Noticed a skeletal warrior
 15456 | Lair:1   | Entered Level 1 of the Lair of Beasts
 16265 | Lair:1   | Slain by a black mamba

Vault maps used:
D:1:      kilobyte_arrival_exit_the_forest, minmay_misc_feat_more_columns
D:2:      lightli_temple_of_fire
D:3:      vehumet_crystals, lemuel_blue_sif_altar
D:4:      gammafunk_ghost_mausoleum, eino_tiny_chamber
D:5:      gup_ossuary_entry_pyramid, first_ration, kennysheep_crisscross
D:6:      eat_drink_and_be_merry_uskayaw, okawaru_trees_2
D:7:      minmay_temple_entry_glassed_door, basic_altar, grunt_livestock
D:8:      uniq_psyche
D:9:      lemuel_mausoleum_altar_kikubaaqudgha, orc_0_dummy, serial_shops,
          nicolae_shop_trees
D:11:     minmay_lair_entry_grove, enter_trove_5, hex_tiny,
          minmay_curled_crystal
D:13:     basic_altar
Lair:1:   serial_bayou_shore_a
Ossuary:  minmay_ossuary_gauntlet

Skill      XL: |  1  2  3  4  5  6  7  8  9 10 11 12 |
---------------+-------------------------------------+-----
Fighting       | 2 3 4 6 7 9 10 | 10.0
Evocations     | 4 5 6 8 9 10 | 10.4
Armour         | 4 5 |  5.0
Dodging        | 5 7 9 |  9.1
Earth Magic    | 1 5 6 |  6.0
Transmutations | 3 4 |  4.0
Spellcasting   | 2 3 |  3.2
Maces & Flails | 6 |  6.1
Short Blades   | |  1.0
Stealth        | |  1.0

Action                   |  1- 3 |  4- 6 |  7- 9 | 10-12 || total
-------------------------+-------+-------+-------+-------++-------
Melee: Short sword       |   171 |    18 |       |       ||   189
       Flail             |       |    48 |       |       ||    48
       Spear             |       |    64 |   480 |       ||   544
       Dagger            |       |       |    71 |  1300 ||  1371
       Dire flail        |       |       |       |   122 ||   122
Evoke: Wand              |       |     7 |    11 |    43 ||    61
  Use: Potion            |       |     1 |       |     3 ||     4
       Scroll            |       |       |     9 |     8 ||    17
 Stab: Sleeping          |       |     1 |       |       ||     1
       Paralysed         |       |       |       |    93 ||    93
  Eat: Chunk             |     2 |     6 |     9 |    22 ||    39
       Ration            |       |       |     2 |     2 ||     4
Armor: Leather armour    |    24 |       |       |       ||    24
       Ring mail         |    63 |    12 |       |       ||    75
       Scale mail        |       |    57 |   276 |   594 ||   927
Dodge: Dodged            |   118 |    81 |   297 |   751 ||  1247

Table legend:
 A = Non-vault XP
 B = Vault XP
 C = Vault XP percentage of total XP
 D = Non-vault monster count
 E = Vault monster count
 F = Vault count percentage of total count
                 A         B        C        D         E       F
            +---------+---------+-------+---------+---------+-------
      Total |   20266 |    4785 |  19.1 |     292 |      48 |  14.1
            +---------+---------+-------+---------+---------+-------
        D:1 |      45 |       0 |   0.0 |      22 |       0 |   0.0
        D:2 |      37 |       0 |   0.0 |      12 |       0 |   0.0
        D:3 |      38 |       0 |   0.0 |      14 |       0 |   0.0
        D:4 |     497 |       0 |   0.0 |      12 |       0 |   0.0
        D:5 |     516 |      15 |   2.8 |      21 |       1 |   4.5
        D:6 |     867 |       0 |   0.0 |      26 |       0 |   0.0
        D:7 |    1104 |    1000 |  47.5 |      38 |       5 |  11.6
        D:8 |    1583 |     418 |  20.9 |      25 |       1 |   3.8
        D:9 |    2197 |     642 |  22.6 |      26 |      12 |  31.6
       D:10 |     869 |       0 |   0.0 |      13 |       0 |   0.0
       D:11 |    4576 |    2582 |  36.1 |      48 |      13 |  21.3
       D:12 |    5572 |       0 |   0.0 |      23 |       0 |   0.0
       D:13 |     546 |       0 |   0.0 |       4 |       0 |   0.0
     Lair:1 |    1819 |       0 |   0.0 |       8 |       0 |   0.0
    Ossuary |       0 |     128 | 100.0 |       0 |      16 | 100.0
            +---------+---------+-------+---------+---------+-------
